AoeStats
← 爷

Lombardia

508844151Analyzed
4v4 RM · 7d ago on Sep 24, 2026· 46m 11s· 8 players
Game mode
Random Map
Map size
Large (8 player)
Population
200
Speed
Normal
Resources
Standard
Victory
Conquest
Starting age
Dark Age
Ending age
Imperial Age
RankedLock teamsTeams togetherTeam positionsShared explorationLock speedFull tech treeHidden civsTurbo modeCheats
Victory
Defeat
🇨🇿 Persians · Czechia
704
+16
🇨🇿 Burgundians · Czechia
696
+16
🇧🇷 Franks · Brazil
672
+17
🇨🇿 Franks · Czechia
635
+19
🇦🇺 Teutons · Australia
735
-18
🇨🇳 Hindustanis · China
693
-17
🇨🇳 Lithuanians · China
692
-17
🇩🇪 Bohemians · Germany
680
-16
爷
0:36 Loom
9:30 Feudal Age
18:34 Castle Age
19:58 Murder Holes
34:38 Wheelbarrow
36:21 Wheelbarrow
38:15 Wheelbarrow
37:35 Double-Bit Axe
37:33 Horse Collar
42:29 Imperial Age
Shadoweye - Allkeyshop
0:57 Loom
12:21 Feudal Age
12:56 Double-Bit Axe
15:14 Wheelbarrow
21:13 Castle Age
20:18 Horse Collar
22:13 Bow Saw
22:06 Town Watch
23:33 Heavy Plow
24:50 Caravan
25:04 Husbandry
27:50 Scale Barding Armor
29:41 Forging
33:23 Hand Cart
34:37 Town Patrol
38:28 Imperial Age
36:04 Arson
36:20 Squires
39:23 Chemistry
38:44 Ballistics
38:15 Pikeman
39:24 Chain Barding Armor
39:31 Cavalier
40:42 Masonry
43:15 Wagenburg Tactics
42:35 Elite Hussite Wagon
43:47 Scale Mail Armor
braydo28
0:58 Loom
9:32 Feudal Age
10:52 Wheelbarrow
10:07 Double-Bit Axe
13:46 Town Watch
18:50 Horse Collar
21:40 Castle Age
22:24 Heavy Plow
23:41 Scale Mail Armor
25:10 Forging
24:32 Pikeman
26:59 Hand Cart
28:11 Squires
28:49 Iron Casting
29:40 Chain Mail Armor
32:27 Town Patrol
32:30 Caravan
34:51 Gold Mining
34:54 Stone Mining
36:05 Arson
39:35 Imperial Age
40:47 Bow Saw
41:37 Elite Teutonic Knight
43:18 Halberdier
45:01 Blast Furnace
44:32 Plate Mail Armor
46:45 Stone Shaft Mining
47:38 Two-Man Saw
鬼才
0:30 Loom
12:37 Feudal Age
13:56 Wheelbarrow
13:09 Double-Bit Axe
13:06 Horse Collar
21:09 Castle Age
21:48 Pikeman
22:14 Arson
22:46 Bloodlines
22:36 Husbandry
23:19 Hand Cart
24:09 Town Watch
28:45 Heavy Plow
28:58 Bow Saw
29:52 Forging
29:48 Scale Barding Armor
30:05 Elite Skirmisher
30:53 Thumb Ring
33:08 Gold Mining
35:32 Stone Mining
38:27 Caravan
39:09 Masonry
38:39 Treadmill Crane
39:09 Fortified Wall
39:22 Ballistics
38:58 Murder Holes
43:06 Imperial Age
41:39 Fletching
41:49 Padded Archer Armor
42:45 Bodkin Arrow
LangyMeister
9:12 Double-Bit Axe
11:50 Feudal Age
12:43 Loom
12:58 Horse Collar
16:36 Bow Saw
16:36 Heavy Plow
25:23 Castle Age
31:56 Imperial Age
30:11 Forging
31:59 Scale Barding Armor
32:30 Iron Casting
32:59 Gold Mining
33:00 Stone Mining
36:52 Gold Shaft Mining
42:07 Elite Coustillier
46:54 Blast Furnace
46:15 Chain Barding Armor
lahwy
0:50 Loom
10:30 Feudal Age
10:54 Double-Bit Axe
10:57 Horse Collar
22:26 Castle Age
22:39 Bloodlines
22:37 Scale Barding Armor
22:43 Forging
23:44 Chain Barding Armor
26:15 Town Watch
27:12 Wheelbarrow
28:36 Husbandry
30:23 Heavy Plow
37:18 Imperial Age
35:09 Hand Cart
36:35 Town Patrol
36:34 Fletching
37:13 Thumb Ring
37:37 Parthian Tactics
38:16 Gold Mining
38:16 Stone Mining
39:38 Gold Shaft Mining
39:19 Bow Saw
39:44 Crop Rotation
39:32 Citadels
41:31 Chemistry
40:43 Masonry
41:19 Kamandaran
42:48 Two-Man Saw
41:57 Heavy Cavalry Archer
45:50 Ballistics
46:01 Architecture
46:36 Bodkin Arrow
46:41 Padded Archer Armor
47:17 Iron Casting
47:18 Plate Barding Armor
Lautenaius Maximus
7:22 Loom
10:53 Feudal Age
17:33 Castle Age
15:44 Double-Bit Axe
17:56 Wheelbarrow
25:32 Pikeman
29:13 Forging
40:27 Bow Saw
Gepardie
5:04 Loom
10:16 Feudal Age
14:06 Double-Bit Axe
21:26 Castle Age
23:17 Bow Saw
25:19 Fletching
26:41 Gold Mining
29:23 Stone Mining
29:42 Bodkin Arrow
29:48 Padded Archer Armor
33:35 Leather Archer Armor
33:43 Ballistics
34:28 Gold Shaft Mining
36:31 Imperial Age
40:24 Chemistry
39:33 Cranequins
39:34 Heavy Mounted Crossbowman
Connection lost

Rejoining the realm…

Still unreachable

The connection could not be restored.

Session expired

The server has moved on; the page needs a fresh start.